 Seeded DCSS version 0.31-a0-672-g7da72447bb (webtiles) character file.

Game seed: 1506527097514143605 (custom seed)

3255 demibob the Carver (level 9, -6/50 (74) HPs)
             Began as a Minotaur Gladiator on Sept 4, 2023.
             Was an Initiate of Cheibriados.
             Killed by divine providence
             ... invoked by Jeremiah
              (14 damage)
             ... on level 7 of the Dungeon.
             The game lasted 00:08:35 (5955 turns).

demibob the Carver (Minotaur Gladiator)             Turns: 5955, Time: 00:08:35

HP:   -6/50 (74)    AC: 35    Str: 21    XL:     9   Next: 67%
MP:   8/8           EV:  5    Int: 11    God:    Cheibriados [......]
Gold: 249           SH:  0    Dex: 14    Spells: 8/8 levels left

rFire   . . .        a - +5 long sword
rCold   . . .        (no shield)
rNeg    . . .        s - +8 orange crystal plate armour {Archmagi, Int+3 Clar}
rPois   +            c - +0 hat
rElec   .            K - +0 cloak
rCorr   .            o - +2 pair of gloves
SInv    .            r - +0 pair of boots
Will    .....        p - amulet of the acrobat Stlth
                     Z - ring of wizardry
HPRegen 0.28/turn    L - ring of flight
MPRegen 0.11/turn

%: acrobat, clarity, wizardry (x1), archmagi
@: mighty, flying, very heavily drained, very slow
A: horns 2, retaliatory headbutt, poison resistance, robust 1
a: Renounce Religion


You were on level 7 of the Dungeon.
You worshipped Cheibriados.
Cheibriados was noncommittal.
You visited 2 branches of the dungeon, and saw 8 of its levels.

You collected 249 gold pieces.


Innate Abilities, Weirdness & Mutations

You have a pair of horns on your head.
You reflexively headbutt those who attack you in melee.
Your system is resistant to poisons. (rPois)
You are robust. (+10% HP)


   Skills:
 - Level 2.4 Fighting
 + Level 12.5 Long Blades
 - Level 2.0 Throwing
 + Level 11.0 Armour
 - Level 3.2 Dodging


You had 8 spell levels left.
You didn't know any spells.
Your spell library contained the following spells:

 Spells                   Type           Power      Damage    Failure   Level
 Slow                     Hex            0%         N/A       100%        1
 Confusing Touch          Hex            0%         N/A       100%        3
 Inner Flame              Hex/Fire       0%         N/A       100%        3
 Vampiric Draining        Necr           0%         2d6       100%        3
 Flame Wave               Conj/Fire      0%         2d4       100%        4
 Sticky Flame             Conj/Fire      0%         2d3       100%        4

Inventory:

Hand Weapons
 a - a +5 long sword (weapon)
 C - a +0 long sword
Missiles
 b - 6 silver javelins
 d - 3 throwing nets (quivered) {=f}
 e - a javelin
Armour
 c - a +0 hat (worn)
 o - a +2 pair of gloves (worn)
 r - a +0 pair of boots (worn)
 s - the +8 orange crystal plate armour (worn) {Archmagi, Int+3 Clar}
   (You acquired it on level 2 of the Dungeon)

   Int+3:     It affects your intelligence (+3).
   Clar:      It protects you from confusion, rage, mesmerisation and fear.
 K - a +0 cloak (worn)
Jewellery
 p - an amulet of the acrobat (around neck)
 F - an amulet of magic regeneration
 L - a ring of flight (right hand)
 Z - a ring of wizardry (left hand)
Wands
 t - a wand of flame (15)
 y - a wand of polymorph (3)
 B - a wand of digging (9)
 E - a wand of charming (6)
Scrolls
 g - a scroll of brand weapon {unknown}
 j - 2 scrolls of fog {unknown}
 k - 2 scrolls of enchant weapon {unknown}
 l - a scroll of identify {@r1}
 n - 4 scrolls of poison
 q - 3 scrolls of revelation {unknown}
 u - 2 scrolls of noise {unknown}
 x - a scroll of enchant armour {unknown}
 z - 4 scrolls of teleportation {unknown}
 A - 2 scrolls of amnesia {unknown}
 D - a scroll of torment {unknown}
 G - a scroll of immolation {unknown}
 H - a scroll of fear {unknown}
 J - a scroll of vulnerability {unknown}
Potions
 f - a potion of invisibility
 h - a potion of mutation
 v - a potion of magic
 w - a potion of might
 I - a potion of enlightenment

Dungeon Overview and Level Annotations

Branches:
Dungeon (7/15)             Temple (1/1) D:6

Altars:
Cheibriados
Dithmenos
Fedhas
Gozag
Makhleb
Nemelex Xobeh
Okawaru
Qazlal
Trog
Vehumet
Wu Jian
Xom
Zin

Annotations:
D:7 Jeremiah

.... #.###.#........
.....#..[#)#........
......b[............
#..#.....#<##b......
.. #.###..b<+.......
.b#. #.#[##.......
..$b....#.# .......
.b..bb###.##.......
....bbF@.b.........
##...bSb...▓▓▓▓▓...
#..b.b▓▓▓▓▓ #.....
###..b #... #...
#...


You could see Jeremiah and a water moccasin.


Message History

A water moccasin comes into view.
You barely miss Jeremiah.
The water moccasin hisses angrily.
Your headbutt misses Jeremiah.
Jeremiah hits you with a +4 trident of draining!
* * * LOW HITPOINT WARNING * * *
You feel drained.
* * * LOW HITPOINT WARNING * * *
You hit Jeremiah but do no damage. Jeremiah hits you but does no damage.
You feel drained.
You hit Jeremiah. You headbutt Jeremiah.
Jeremiah is lightly wounded.
Jeremiah hits you but does no damage.
You feel drained.
You barely miss Jeremiah.
Jeremiah is lightly wounded.
The butterfly disappears in a burst of colours! x3
You closely miss Jeremiah. You headbutt Jeremiah!
Jeremiah is moderately wounded.
The butterfly disappears in a burst of colours! x2
Jeremiah throws their arms up pleadingly.
Something smites you!
* * * LOW HITPOINT WARNING * * *
You feel very mighty all of a sudden. Jeremiah barely misses you.
You slice Jeremiah!!
Jeremiah is severely wounded.
Jeremiah mumbles a slurred invocation.
Something smites you!
You die...
Jeremiah asks, "What happened?
Did... did you die?"

Skill      XL: |  1  2  3  4  5  6  7  8  9 |
---------------+----------------------------+-----
Long Blades    | 4 5 7 8 9 11 12 | 12.5
Armour         | 3 5 7 9 11 | 11.0
Fighting       | |  2.4
Throwing       | |  2.0
Dodging        | |  3.2

Action                     |  1- 3 |  4- 6 |  7- 9 || total
---------------------------+-------+-------+-------++-------
  Melee: Long sword        |    76 |   105 |   353 ||   534
         Headbutt          |     8 |    18 |    73 ||    99
         Punch             |     1 |     2 |     5 ||     8
    Use: Scroll            |     1 |     1 |     5 ||     7
         Potion            |       |       |     5 ||     5
   Stab: Distracted        |     1 |       |       ||     1
         Sleeping          |     1 |       |       ||     1
 Armour: Leather armour    |    44 |       |       ||    44
         Crystal plate arm |     1 |    90 |   314 ||   405
  Dodge: Dodged            |    44 |    13 |    94 ||   151

Levels and vault maps discovered:
D:1:      minmay_arrival_checkered_box, layout_basic, serial_corexii_hall,
          corexii_hall_statues_x, corexii_hall_statues_t,
          corexii_hall_statues_t, chequers_hall_statues_wall_a,
          minmay_stone_trees_medium, st_stairs_8, minmay_ruptured
D:2:      layout_loops_ring
D:3:      layout_loops_ring, uniq_ijyb, uniq_grinder
D:4:      layout_basic, mainiacjoe_overflow_catwalk_spiral,
          amcnicky_mini_corridor_feature, hex_tiny
D:5:      minmay_bubble_buster, layout_cave_pools, uniq_edmund,
          uniq_crazy_yiuf_cottage
D:6:      layout_rooms, minmay_temple_entry_wispy,
          hangedman_abyss_or_decor_stabs, corexii_leaking_fountain,
          uniq_sigmund, uniq_prince_ribbit1, uniq_pikel
D:7:      layout_basic, mainiacjoe_overflow_surrounded_room,
          serial_bayou_ford_a, minmay_misc_feat_diagonals, uniq_jeremiah,
          uniq_duvessa
Temple:   nicolae_temple_ecumenical_triangle

Notes
Turn   | Place    | Note
-------+----------+-------------------------------------------
     0 | D:1      | demibob the Minotaur Gladiator began the quest for the Orb.
     0 | D:1      | Reached XP level 1. HP: 18/18 MP: 0/0
    49 | D:1      | Reached skill level 4 in Long Blades
   101 | D:1      | Reached XP level 2. HP: 18/25 MP: 1/1
   358 | D:1      | Reached skill level 5 in Long Blades
   527 | D:1      | Reached XP level 3. HP: 30/30 MP: 2/2
  1610 | D:2      | Identified a scroll of acquirement
  1610 | D:2      | Acquired the +8 orange crystal plate armour {Archmagi,
                  | Int+3 Clar}
  1610 | D:2      | Found the +8 orange crystal plate armour {Archmagi, Int+3
                  | Clar}
  1654 | D:3      | Reached XP level 4. HP: 32/37 MP: 3/3
  1809 | D:3      | Reached skill level 6 in Long Blades
  1858 | D:3      | Noticed Ijyb
  1873 | D:3      | Killed Ijyb
  1874 | D:3      | Reached skill level 1 in Armour
  2207 | D:3      | Noticed Grinder
  2216 | D:3      | Paralysed by Grinder for 5 turns
  2228 | D:3      | Paralysed by Grinder for 3 turns
  2319 | D:3      | Killed Grinder
  2320 | D:3      | Reached skill level 7 in Long Blades
  2320 | D:3      | Reached skill level 3 in Armour
  2320 | D:3      | Reached XP level 5. HP: 30/42 MP: 4/4
  2320 | D:3      | Reached XP level 6. HP: 36/50 MP: 5/5
  2533 | D:4      | Found a glowing silver altar of Zin.
  2547 | D:3      | Reached skill level 4 in Armour
  2571 | D:4      | Found an iron altar of Okawaru.
  2629 | D:4      | Identified the +0 dagger "Cigg" {distort, rElec rPois rF-
                  | rCorr}
  3072 | D:4      | Reached skill level 8 in Long Blades
  3072 | D:4      | Reached skill level 5 in Armour
  3072 | D:4      | Reached XP level 7. HP: 52/56 MP: 6/6
  3468 | D:5      | Entered Level 5 of the Dungeon
  3612 | D:5      | Reached skill level 6 in Armour
  3898 | D:5      | Reached skill level 9 in Long Blades
  3964 | D:5      | Found a runed translucent door.
  3965 | D:5      | Noticed Crazy Yiuf
  4111 | D:5      | Noticed Edmund
  4128 | D:5      | Killed Edmund
  4129 | D:5      | Reached skill level 7 in Armour
  4129 | D:5      | Reached XP level 8. HP: 58/62 MP: 7/7
  4281 | D:5      | Killed Crazy Yiuf
  4432 | D:6      | Reached skill level 10 in Long Blades
  4508 | D:6      | Reached skill level 8 in Armour
  4516 | D:6      | Gained mutation: You are robust. (+10% HP) [potion of
                  | mutation]
  4516 | D:6      | Gained mutation: Your system is resistant to poisons.
                  | (rPois) [potion of mutation]
  4699 | D:6      | Noticed Pikel
  4714 | D:6      | Killed Pikel
  4715 | D:6      | Reached skill level 11 in Long Blades
  4715 | D:6      | Reached skill level 9 in Armour
  4715 | D:6      | Reached XP level 9. HP: 56/74 MP: 8/8
  4794 | D:6      | Found a staircase to the Ecumenical Temple.
  4808 | D:6      | Noticed Prince Ribbit
  4842 | D:6      | Killed Prince Ribbit
  4843 | D:6      | Reached skill level 10 in Armour
  4850 | Temple   | Entered the Ecumenical Temple
  4876 | Temple   | Became a worshipper of Cheibriados the Contemplative
  5072 | D:6      | Noticed Sigmund
  5088 | D:6      | Killed Sigmund
  5210 | D:6      | Reached skill level 12 in Long Blades
  5338 | D:7      | Noticed Jeremiah
  5394 | D:7      | Noticed Dowan
  5403 | D:7      | Noticed Duvessa
  5404 | D:7      | Killed Dowan
  5523 | D:7      | Killed Duvessa
  5865 | D:7      | Reached skill level 11 in Armour
  5955 | D:7      | Killed from afar by Jeremiah

Vanquished Creatures
  Pikel (D:6)
  Prince Ribbit (D:6)
  Grinder (D:3)
  Sigmund (D:6)
  Edmund (D:5)
  Duvessa (D:7)
  A black bear (D:5)
  2 sky beasts (D:7)
  A phantom (D:5)
  3 lemures (D:6)
  2 kobold brigands (D:6)
  2 scorpions
  13 wights
  Dowan (D:7)
  4 howler monkeys
  Crazy Yiuf (D:5)
  3 hounds
  6 jellies
  2 orc priests
  A sleepcap (D:4)
  Ijyb (D:3)
  An iguana (D:5)
  3 adders
  3 gnolls (D:4)
  A worm (D:3)
  5 dart slugs
  7 orcs
  7 ball pythons
  3 endoplasms
  A giant cockroach (D:4)
  8 goblins
  12 hobgoblins
  15 kobolds
  5 quokkas
  6 bats
  2 frilled lizards (D:1)
  3 rats
131 creatures vanquished.

Table legend: (Time is in decaauts)
 A = Elapsed time spent in this place.
 B = Non-inter-level travel time spent in this place.
 C = Inter-level travel time spent in this place.
 D = Time resting spent in this place.
 E = Time spent auto-exploring this place.
 F = Levels seen in this place.
 G = Mean time per level.
                   A        B        C        D        E       F      G
               +--------+--------+--------+--------+--------+-----+--------+
         Total |   6040 |   5827 |    213 |    707 |   3976 |   8 |  755.0 |
       Dungeon |   6005 |   5801 |    204 |    707 |   3976 |   7 |  857.9 |
        Temple |     35 |     27 |      8 |      0 |      0 |   1 |   35.0 |
               +--------+--------+--------+--------+--------+-----+--------+

Top non-repeatable levels by time:
     D:6: 1530 daAuts
     D:1: 954 daAuts
     D:4: 919 daAuts
     D:3: 890 daAuts
     D:5: 877 daAuts
     D:2: 706 daAuts
     D:7: 126 daAuts
  Temple: 35 daAuts

Table legend:
 A = Non-vault XP
 B = Vault XP
 C = Vault XP percentage of total XP
 D = Non-vault monster count
 E = Vault monster count
 F = Vault count percentage of total count
                 A         B        C        D         E       F
            +---------+---------+-------+---------+---------+-------
      Total |    2535 |    2116 |  45.5 |     106 |      22 |  17.2
            +---------+---------+-------+---------+---------+-------
        D:1 |      35 |       9 |  20.5 |      19 |       7 |  26.9
        D:2 |      51 |       0 |   0.0 |      14 |       0 |   0.0
        D:3 |      67 |     308 |  82.1 |      13 |       2 |  13.3
        D:4 |     275 |       0 |   0.0 |      17 |       0 |   0.0
        D:5 |     350 |     455 |  56.5 |       9 |       8 |  47.1
        D:6 |    1381 |    1126 |  44.9 |      30 |       3 |   9.1
        D:7 |     376 |     218 |  36.7 |       4 |       2 |  33.3
            +---------+---------+-------+---------+---------+-------
